 Dungeon Crawl Stone Soup version 0.30-a0-859-gf88a04b62d (webtiles) character file.

Game seed: 12863003520953861687

2 demibob the Cutter (level 1, -1/16 HPs)
             Began as a Demonspawn Wanderer on Mar 6, 2023.
             Slain by a gnoll
             ... wielding a +0 spear
              (5 damage)
             ... on level 1 of the Dungeon.
             The game lasted 00:00:10 (49 turns).

demibob the Cutter (Demonspawn Wanderer)              Turns: 49, Time: 00:00:11

Health: -1/16      AC:  2    Str: 11    XL:     1   Next: 25%
Magic:  3/3        EV: 11    Int: 16    God:
Gold:   10         SH:  0    Dex: 10    Spells: 3/4 levels left

rFire   . . .      SeeInvis .    a - +3 short sword
rCold   . . .      Faith    .    (no shield)
rNeg    . . .      Spirit   .    c - +0 robe
rPois   .          Reflect  .    (no helmet)
rElec   .          Rampage  .    (no cloak)
rCorr   .                        (no gloves)
Will    .....                    (no boots)
Stlth   +                        (no amulet)
HPRegen 0.22/turn                (no ring)
MPRegen 0.08/turn                (no ring)

@: no status effects
A: no striking features
a: no special abilities


You were on level 1 of the Dungeon.
You visited 1 branch of the dungeon, and saw 1 of its levels.

You collected 10 gold pieces.


   Skills:
 - Level 2.0 Fighting
 + Level 2.8 Short Blades
 - Level 1.0 Dodging
 - Level 2.0 Spellcasting
 - Level 1.0 Summonings
 - Level 1.0 Evocations


You had 3 spell levels left.
You knew the following spells:

 Your Spells              Type           Power      Damage    Failure   Level
z - Summon Small Mammal   Summ           16%        N/A       14%         1

Your spell library contained the following spells:

 Spells                   Type           Power      Damage    Failure   Level
 Summon Guardian Golem    Hex/Summ       3%         N/A       45%         3

Inventory:

Hand Weapons
 a - a +3 short sword (weapon)
Armour
 c - a +0 robe (worn)
Potions
 b - a potion of berserk rage {!q}

Dungeon Overview and Level Annotations

Branches:
Dungeon (1/15)

Altars:

##..........#
..#
##......####.#
...# ##......##
..# ....#
##......## .##
.....###......##
..
....!.#......##
.#
#...........##
.# #....K....##
#...g@..##
##..g..##
##...## ......
####.## #. ..
...


You could see a gnoll, a goblin and a kobold.


Message History

No target in view!
No target in view!
No target in view!
No target in view!
No target in view!
No target in view!
No target in view!
A gnoll comes into view. It is wielding a +0 spear.
The gnoll shouts!
A gnoll is nearby!
A kobold comes into view. It is wielding a +0 dagger.
A goblin comes into view. It is wielding a +0 dagger.
The kobold throws a stone.
The stone hits you.
The goblin shouts!
The gnoll hits you with a +0 spear.
The kobold throws a stone.
The stone hits you but does no damage.
You hit the gnoll.
The gnoll is moderately wounded.
The gnoll hits you with a +0 spear.
You hit the gnoll.
The gnoll is heavily wounded.
The gnoll hits you with a +0 spear!
* * * LOW HITPOINT WARNING * * *
You hit the gnoll.
The gnoll is severely wounded.
The gnoll barely misses you. The goblin barely misses you.
You hit the gnoll.
The gnoll is almost dead.
The gnoll hits you with a +0 spear.
You die...

Action                     || total
---------------------------++-------
  Melee: Short sword       ||     6
 Armour: Robe              ||     1
  Dodge: Dodged            ||     4

Levels and vault maps discovered:
D:1:      dpeg_arrival_central, layout_rooms

Notes
Turn   | Place    | Note
-------+----------+-------------------------------------------
     0 | D:1      | demibob the Demonspawn Wanderer began the quest for the
                  | Orb.
     0 | D:1      | demibob set off with the following items: a +3 short sword,
                  | a potion of berserk rage {!q}, a +0 robe; and the following
                  | spell memorised: Summon Small Mammal; and the following
                  | spells available to memorise: Summon Guardian Golem.
     0 | D:1      | Reached XP level 1. HP: 16/16 MP: 3/3
    49 | D:1      | Slain by a gnoll

Vanquished Creatures
  A bat (D:1)
  A kobold (D:1)
2 creatures vanquished.

Table legend: (Time is in decaauts)
 A = Elapsed time spent in this place.
 B = Non-inter-level travel time spent in this place.
 C = Inter-level travel time spent in this place.
 D = Time resting spent in this place.
 E = Time spent auto-exploring this place.
 F = Levels seen in this place.
 G = Mean time per level.
                   A        B        C        D        E       F      G
               +--------+--------+--------+--------+--------+-----+--------+
         Total |     48 |     48 |      0 |      0 |     33 |   1 |   48.0 |
       Dungeon |     48 |     48 |      0 |      0 |     33 |   1 |   48.0 |
               +--------+--------+--------+--------+--------+-----+--------+

Top non-repeatable levels by time:
     D:1: 48 daAuts

Table legend:
 A = Non-vault XP
 B = Vault XP
 C = Vault XP percentage of total XP
 D = Non-vault monster count
 E = Vault monster count
 F = Vault count percentage of total count
                 A         B        C        D         E       F
            +---------+---------+-------+---------+---------+-------
      Total |       3 |       0 |   0.0 |       2 |       0 |   0.0
            +---------+---------+-------+---------+---------+-------
        D:1 |       3 |       0 |   0.0 |       2 |       0 |   0.0
            +---------+---------+-------+---------+---------+-------
